TOP OF THE 1ST |
Reno Silver Sox batting - Pitching for Lake Minnetonka Love Boats : LHP Alejandro García
|
Pitching: LHP Alejandro García
|
|
Batting: RHB Marvin Overbeek
|
0-0: Ball 1-0: Fly out, F9 (Flyball, 9S)
|
Batting: RHB Carlos González
|
0-0: Called Strike 0-1: Swinging Strike 0-2: Foul Ball, location: 2F 0-2: Strikes out swinging
|
Batting: RHB Daniel Bertrand
|
0-0: Called Strike 0-1: Ball 1-1: Foul Ball, location: 2F 1-2: Ball 2-2: Foul Ball, location: 2F 2-2: Strikes out looking
|
Top of the 1st over - 0 runs, 0 hits, 0 errors, 0 left on base; Reno 0 - Lake Minnetonka 0 |
BOTTOM OF THE 1ST |
Lake Minnetonka Love Boats batting - Pitching for Reno Silver Sox : RHP Curt Wright
|
Pitching: RHP Curt Wright
|
|
Batting: LHB Tom Haymon
|
0-0: Ball 1-0: Swinging Strike 1-1: Called Strike 1-2: Fly out, F3 (Line Drive, 3S)
|
Batting: SHB Mike Waddingham
|
0-0: Called Strike 0-1: Ball 1-1: Foul Ball, location: 2F 1-2: Ball 2-2: Ball 3-2: Fly out, F9 (Flyball, 9S)
|
Batting: RHB Mario van Heijbeeck
|
0-0: Called Strike 0-1: Ball 1-1: Foul Ball, location: 2F 1-2: Strikes out swinging, 2-3 out at first.
|
Bottom of the 1st over - 0 runs, 0 hits, 0 errors, 0 left on base; Reno 0 - Lake Minnetonka 0 |
TOP OF THE 2ND |
Reno Silver Sox batting - Pitching for Lake Minnetonka Love Boats : LHP Alejandro García
|
Batting: RHB Armando Romero
|
0-0: Ball 1-0: Called Strike 1-1: Ball 2-1: Called Strike 2-2: SINGLE (Line Drive, 6M)
|
Batting: RHB Jong-beom Chang
|
0-0: Ball 1-0: Called Strike 1-1: Foul Ball, location: 2F 1-2: Foul Ball, location: 2F 1-2: Ball 2-2: Grounds into double play, 6-4-3 (Groundball, 6)
|
Batting: RHB Jean Lechuga
|
0-0: Fly out, F8 (Flyball, 8RD)
|
Top of the 2nd over - 0 runs, 1 hit, 0 errors, 0 left on base; Reno 0 - Lake Minnetonka 0 |
BOTTOM OF THE 2ND |
Lake Minnetonka Love Boats batting - Pitching for Reno Silver Sox : RHP Curt Wright
|
Batting: LHB Juan Ramírez
|
0-0: SINGLE (Groundball, 3L) (infield hit)
|
Batting: LHB Wilton Maynard
|
0-0: Ball 1-0: Ball 2-0: Called Strike 2-1: Foul Ball, location: 2F 2-2: Foul Ball, location: 2F 2-2: Ball 3-2: Base on Balls Juan Ramírez to second
|
Batting: RHB Michael Sweeney
|
0-0: SINGLE (Groundball, 34D) Juan Ramírez to third Wilton Maynard to second Runner from 3rd tries for Home, SAFE, no throw
|
Batting: RHB Francisco Guerra
|
0-0: Called Strike 0-1: Swinging Strike 0-2: Ball 1-2: Strikes out swinging
|
Batting: RHB Hatui Haunani
|
0-0: Ball 1-0: Foul Ball, location: 2F 1-1: Ball Wilton Maynard steals 3rd base Michael Sweeney to second 2-1: Ball 3-1: Called Strike 3-2: Strikes out swinging
|
Batting: RHB Yoshii Saikawa
|
0-0: Foul Ball, location: 2F 0-1: Ball 1-1: Called Strike 1-2: Strikes out looking
|
Bottom of the 2nd over - 1 run, 2 hits, 0 errors, 2 left on base; Reno 0 - Lake Minnetonka 1 |
TOP OF THE 3RD |
Reno Silver Sox batting - Pitching for Lake Minnetonka Love Boats : LHP Alejandro García
|
Batting: LHB Marcos Costa
|
0-0: Bunt for hit - play at first, batter OUT! 2-3
|
Batting: RHB Landon Edwards
|
0-0: Ball 1-0: Called Strike 1-1: Foul Ball, location: 2F 1-2: Foul Ball, location: 2F 1-2: Foul Ball, location: 2F 1-2: Foul Ball, location: 2F 1-2: SINGLE (Groundball, 56) (infield hit)
|
Batting: RHB Guillermo Montepeque
|
0-0: Ball 1-0: SINGLE (Line Drive, 8LS) Landon Edwards to second
|
Batting: RHB Marvin Overbeek
|
0-0: Ball 1-0: Called Strike 1-1: Fly out, F9 (Flyball, 9)
|
Batting: RHB Carlos González
|
0-0: Ball 1-0: Ball 2-0: Foul Ball, location: 2F 2-1: Foul Ball, location: 2F 2-2: Foul Ball, location: 2F 2-2: Fielders Choice at 2nd, 5-4 (Groundball, 5)
|
Top of the 3rd over - 0 runs, 2 hits, 0 errors, 2 left on base; Reno 0 - Lake Minnetonka 1 |
BOTTOM OF THE 3RD |
Lake Minnetonka Love Boats batting - Pitching for Reno Silver Sox : RHP Curt Wright
|
Batting: LHB Tom Haymon
|
0-0: Ball 1-0: Ball 2-0: Foul Ball, location: 2F 2-1: Ground out 4-3 (Groundball, 4)
|
Batting: SHB Mike Waddingham
|
0-0: Called Strike 0-1: SINGLE (Groundball, 34D)
|
Batting: RHB Mario van Heijbeeck
|
0-0: Fly out, F6 (Popup, P)
|
Batting: LHB Juan Ramírez
|
0-0: Fly out, F6 (Popup, 6MS)
|
Bottom of the 3rd over - 0 runs, 1 hit, 0 errors, 1 left on base; Reno 0 - Lake Minnetonka 1 |
TOP OF THE 4TH |
Reno Silver Sox batting - Pitching for Lake Minnetonka Love Boats : LHP Alejandro García
|
Batting: RHB Daniel Bertrand
|
0-0: Ball 1-0: Swinging Strike 1-1: Ground out 6-3 (Groundball, 56)
|
Batting: RHB Armando Romero
|
0-0: Ball 1-0: Ball 2-0: Ground out 1-6-3 (Groundball, 15S)
|
Batting: RHB Jong-beom Chang
|
0-0: Called Strike 0-1: SOLO HOME RUN (Flyball, 7D), Distance : 376 ft
|
Batting: RHB Jean Lechuga
|
0-0: Called Strike 0-1: Ball 1-1: Called Strike 1-2: Foul Ball, location: 2F 1-2: Foul Ball, location: 2F 1-2: Ball 2-2: Ball 3-2: Foul Ball, location: 2F 3-2: Base on Balls
|
Batting: LHB Marcos Costa
|
0-0: Called Strike 0-1: Called Strike 0-2: Ball 1-2: Ball 2-2: Ball Throwing error on steal attempt, E2 Jean Lechuga to third 3-2: Base on Balls
|
Batting: RHB Landon Edwards
|
0-0: Ball 1-0: Fly out, F5 (Line Drive, 5)
|
Top of the 4th over - 1 run, 1 hit, 1 error, 2 left on base; Reno 1 - Lake Minnetonka 1 |
BOTTOM OF THE 4TH |
Lake Minnetonka Love Boats batting - Pitching for Reno Silver Sox : RHP Curt Wright
|
Batting: LHB Wilton Maynard
|
0-0: Ground out 4-3 (Groundball, 4)
|
Batting: RHB Michael Sweeney
|
0-0: Called Strike 0-1: Foul Ball, location: 2F 0-2: SINGLE (Line Drive, 89S)
|
Batting: RHB Francisco Guerra
|
0-0: Swinging Strike 0-1: Ball 1-1: Ball 2-1: Ball 3-1: SINGLE (Flyball, 9LM) Michael Sweeney to second Runner from 2nd tries for 3rd, SAFE, no throw
|
Batting: RHB Hatui Haunani
|
0-0: Called Strike 0-1: Ball 1-1: Foul Ball, location: 2F 1-2: Ball 2-2: Strikes out swinging
|
Batting: RHB Yoshii Saikawa
|
0-0: Fly out, F4 (Line Drive, 4)
|
Bottom of the 4th over - 0 runs, 2 hits, 0 errors, 2 left on base; Reno 1 - Lake Minnetonka 1 |
TOP OF THE 5TH |
Reno Silver Sox batting - Pitching for Lake Minnetonka Love Boats : LHP Alejandro García
|
Batting: RHB Guillermo Montepeque
|
0-0: Called Strike 0-1: Ball 1-1: Fly out, F4 (Flyball, 34D)
|
Batting: RHB Marvin Overbeek
|
0-0: Called Strike 0-1: Foul Ball, location: 2F 0-2: Fly out, F6 (Line Drive, 6)
|
Batting: RHB Carlos González
|
0-0: Called Strike 0-1: Ball 1-1: Ball 2-1: Ball 3-1: SINGLE (Groundball, 56D)
|
Batting: RHB Daniel Bertrand
|
0-0: Called Strike 0-1: Ball Balk! Carlos González to second 1-1: Foul Ball, location: 2F 1-2: Reached on error, E5 (Groundball, 56S) Carlos González to third
|
Batting: RHB Armando Romero
|
0-0: Called Strike 0-1: Called Strike 0-2: Strikes out swinging
|
Top of the 5th over - 0 runs, 1 hit, 1 error, 2 left on base; Reno 1 - Lake Minnetonka 1 |
BOTTOM OF THE 5TH |
Lake Minnetonka Love Boats batting - Pitching for Reno Silver Sox : RHP Curt Wright
|
Batting: LHB Tom Haymon
|
0-0: Foul Ball, location: 2F 0-1: Foul Ball, location: 2F 0-2: Ball 1-2: Ground out 4-3 (Groundball, 4)
|
Batting: SHB Mike Waddingham
|
0-0: Ball 1-0: Swinging Strike 1-1: Ground out U3 (Groundball, 3)
|
Batting: RHB Mario van Heijbeeck
|
0-0: Foul Ball, location: 2F 0-1: Ground out 5-3 (Groundball, 5S)
|
Bottom of the 5th over - 0 runs, 0 hits, 0 errors, 0 left on base; Reno 1 - Lake Minnetonka 1 |
TOP OF THE 6TH |
Reno Silver Sox batting - Pitching for Lake Minnetonka Love Boats : LHP Alejandro García
|
Batting: RHB Jong-beom Chang
|
0-0: Foul Ball, location: 2F 0-1: Swinging Strike 0-2: Foul Ball, location: 2F 0-2: Strikes out swinging
|
Batting: RHB Jean Lechuga
|
0-0: Ball 1-0: Ground out 6-3 (Groundball, 6M)
|
Batting: LHB Marcos Costa
|
0-0: Ball 1-0: Called Strike 1-1: Ball 2-1: Foul Ball, location: 2F 2-2: Foul Ball, location: 2F 2-2: Strikes out looking
|
Top of the 6th over - 0 runs, 0 hits, 0 errors, 0 left on base; Reno 1 - Lake Minnetonka 1 |
BOTTOM OF THE 6TH |
Lake Minnetonka Love Boats batting - Pitching for Reno Silver Sox : RHP Curt Wright
|
Batting: LHB Juan Ramírez
|
0-0: Foul Ball, location: 2F 0-1: Called Strike 0-2: Ball 1-2: Ball 2-2: Ground out U3 (Groundball, 3S)
|
Batting: LHB Wilton Maynard
|
0-0: Foul Ball, location: 2F 0-1: Ground out U3 (Groundball, 3)
|
Batting: RHB Michael Sweeney
|
0-0: Ball 1-0: Ground out 6-3 (Groundball, 6)
|
Bottom of the 6th over - 0 runs, 0 hits, 0 errors, 0 left on base; Reno 1 - Lake Minnetonka 1 |
TOP OF THE 7TH |
Reno Silver Sox batting - Pitching for Lake Minnetonka Love Boats : LHP Alejandro García
|
Batting: RHB Landon Edwards
|
0-0: Fly out, F5 (Line Drive, 5)
|
Pinch Hitting: RHB George Albaugh
|
0-0: TRIPLE (Line Drive, 89XD)
|
Pitching: RHP Héctor Barrera
|
|
Batting: RHB Marvin Overbeek
|
0-0: Ball 1-0: Ball 2-0: Fly out, F9 (Flyball, 9S)
|
Batting: RHB Carlos González
|
0-0: Called Strike 0-1: Swinging Strike 0-2: Foul Ball, location: 2F 0-2: Ball 1-2: Ball 2-2: Ball 3-2: Fly out, F6 (Popup, 6MS)
|
Top of the 7th over - 0 runs, 1 hit, 0 errors, 1 left on base; Reno 1 - Lake Minnetonka 1 |
TOP OF THE 8TH |
Reno Silver Sox batting - Pitching for Lake Minnetonka Love Boats : RHP Héctor Barrera
|
Batting: RHB Daniel Bertrand
|
0-0: Ball 1-0: Foul Ball, location: 2F 1-1: Called Strike 1-2: Ball 2-2: Foul Ball, location: 2F 2-2: Ball 3-2: Ground out 4-3 (Groundball, 4)
|
Batting: RHB Armando Romero
|
0-0: Called Strike 0-1: Called Strike 0-2: Ball 1-2: Foul Ball, location: 2F 1-2: Strikes out swinging
|
Batting: RHB Jong-beom Chang
|
0-0: Called Strike 0-1: Ball 1-1: Ball 2-1: Called Strike 2-2: Ball 3-2: Base on Balls
|
Batting: RHB Jean Lechuga
|
0-0: Foul Ball, location: 2F 0-1: Foul Ball, location: 2F 0-2: DOUBLE (Flyball, 8RD) Jong-beom Chang to third
|
Batting: LHB Marcos Costa
|
0-0: Called Strike 0-1: Ball 1-1: Ball 2-1: Ball 3-1: Base on Balls
|
Batting: RHB Landon Edwards
|
0-0: Ball 1-0: Ball 2-0: Swinging Strike 2-1: Ground out U3 (Groundball, 3L)
|
Top of the 8th over - 0 runs, 1 hit, 0 errors, 3 left on base; Reno 1 - Lake Minnetonka 1 |
BOTTOM OF THE 8TH |
Lake Minnetonka Love Boats batting - Pitching for Reno Silver Sox : RHP Curt Wright
|
Batting: LHB Juan Ramírez
|
0-0: Ball 1-0: Ball 2-0: Called Strike 2-1: Ball 3-1: Fly out, F9 (Flyball, 89D)
|
Batting: LHB Wilton Maynard
|
0-0: Ball 1-0: Ground out 4-3 (Groundball, 4D)
|
Batting: RHB Michael Sweeney
|
0-0: Ball 1-0: Called Strike 1-1: Ground out U3 (Groundball, 34S)
|
Bottom of the 8th over - 0 runs, 0 hits, 0 errors, 0 left on base; Reno 1 - Lake Minnetonka 1 |
TOP OF THE 9TH |
Reno Silver Sox batting - Pitching for Lake Minnetonka Love Boats : RHP Héctor Barrera
|
Pitching: RHP Harry Stogsdill
|
|
Batting: RHB George Albaugh
|
0-0: Ball 1-0: SOLO HOME RUN (Flyball, 7LD), Distance : 346 ft
|
Batting: RHB Marvin Overbeek
|
0-0: Called Strike 0-1: Ball 1-1: Swinging Strike 1-2: Strikes out looking
|
Batting: RHB Carlos González
|
0-0: Ball 1-0: Ball 2-0: SINGLE (Groundball, 56D)
|
Batting: RHB Daniel Bertrand
|
0-0: Called Strike 0-1: 2-RUN HOME RUN (Flyball, 7LD), Distance : 340 ft
|
Pitching: RHP Pablo Gómez
|
|
Batting: RHB Armando Romero
|
0-0: Ball 1-0: Foul Ball, location: 2F 1-1: Ball 2-1: Ground out 6-3 (Groundball, 6)
|
Batting: RHB Jong-beom Chang
|
0-0: Ball 1-0: Called Strike 1-1: Ball 2-1: Fly out, F9 (Flyball, 9LDF)
|
Top of the 9th over - 3 runs, 3 hits, 0 errors, 0 left on base; Reno 4 - Lake Minnetonka 1 |
BOTTOM OF THE 9TH |
Lake Minnetonka Love Boats batting - Pitching for Reno Silver Sox : RHP Curt Wright
|
Batting: RHB Francisco Guerra
|
0-0: Ball 1-0: Ball 2-0: Called Strike 2-1: Fly out, F9 (Flyball, 89S)
|
Pitching: RHP Aaron Houchens
|
|
Batting: RHB Hatui Haunani
|
0-0: Foul Ball, location: 2F 0-1: Ball 1-1: Foul Ball, location: 2F 1-2: Strikes out swinging
|
Batting: RHB Yoshii Saikawa
|
0-0: Ball 1-0: Called Strike 1-1: Ball 2-1: Fly out, F8 (Flyball, 8RS)
|
Bottom of the 9th over - 0 runs, 0 hits, 0 errors, 0 left on base; Reno 4 - Lake Minnetonka 1 |
|